[Event "32nd NATO Chess Championship"]
[Site "Tartu, Estonia"]
[Date "2022.06.30"]
[Round "6.8"]
[White "Pazeriene, Diana"]
[Black "Bohn, Ulrich"]
[Result "0-1"]
[TimeControl "90 min + 30 sec increment from move one"]
[WhiteFideId "12802190"]
[BlackFideId "4656105"]
[WhiteElo "1930"]
[BlackElo "2168"]

1. d4 Nf6 2. c4 c5 3. d5 b5 4. cxb5 a6 5. bxa6 g6 6. Nc3 Bxa6 7. e4 Bxf1 8. Kxf1 d6 9. Nf3 Qc8 10. h3 Bg7 11. g3 O-O 12.
Kg2 Na6 13. Rb1 Nd7 14. a4 Qb7 15. Bd2 Nb6 16. Re1 Nb4 17. b3 f5 18. Nb5 Nd3 19. Re2 fxe4 20. Ng5 Nxd5 21. Nxe4 Nxf2 22.
Rxf2 Nf6 23. Kh2 Nxe4 24. Rxf8+ Rxf8 25. Be3 Nxg3 26. Kxg3 Be5+ 27. Kh4 Qe4+ 0-1

[Event "32nd NATO Chess Championship"]
[Site "Tartu, Estonia"]
[Date "2022.06.30"]
[Round "6.9"]
[White "Jauk, Wilhelm"]
[Black "Graczyk, Damian"]
[Result "1/2-1/2"]
[TimeControl "90 min + 30 sec increment from move one"]
[WhiteFideId "24681067"]
[BlackFideId "1170716"]
[WhiteElo "2156"]
[BlackElo "2151"]

1. d4 Nf6 2. Nf3 e6 3. c4 Bb4+ 4. Bd2 a5 5. g3 b6 6. Bg2 Bb7 7. O-O Bxd2 8. Nbxd2 O-O 9. Qc2 Nc6 10.
e4 Qe7 11. Rfe1 e5 12. Qc3 d6 13. d5 Nb8 14. b3 Nbd7 15. a3 Nh5 16. Bh3 g6 17. Nh4 Ndf6 18. Rac1 Bc8 19. Bxc8 Rfxc8 20. Qe3 Rf8 21. Qe2 Ng7 22. Ng2 Nfh5 23. f3 h6 24. Rf1 f5 25. Nb1 Kh7 1/2-1/2

[Event "32nd NATO Chess Championship"]
[Site "Tartu, Estonia"]
[Date "2022.06.30"]
[Round "6.10"]
[White "Nill, Oliver"]
[Black "Kedzierski, Slawomir"]
[Result "1/2-1/2"]
[TimeControl "90 min + 30 sec increment from move one"]
[WhiteFideId "4652630"]
[BlackFideId "1134949"]
[WhiteElo "2166"]
[BlackElo "2133"]

1. c4 Nf6 2. Nc3 e5 3. g3 Nc6 4. Bg2 Bc5 5. Nf3 d6 6. O-O O-O 7. d3 h6 8. Na4 Bb6 9. a3 Re8 10.
b4 a6 11. Nxb6 cxb6 12. Bb2 Bf5 13. Rc1 Rc8 14. h3 Rc7 15. Kh2 Bh7 16. Nd2 Qe7 17. Ne4 Bxe4 18. dxe4 Rec8 19. Qd3 Ne8 20.
Rfd1 Nd8 21. e3 Ne6 22. f4 f6 23. Bf3 Kh7 24. Bg4 Rb8 25. Qd5 Nf8 26. h4 Rc6 27. h5 Kh8 28. a4 Ra8 29.
Ba3 Nc7 30. Qd3 Ne8 31. b5 Rc7 32. Bxd6 Nxd6 33. Qxd6 exf4 34. exf4 axb5 35. axb5 Qf7 36. Qd5 Qe7 37. Ra1 Re8 38.
Bf5 Rc5 39. Qd3 Qf7 40. g4 Rxc4 41. Rac1 Rxc1 42. Rxc1 Qa2+ 43. Rc2 Qa5 44. Rd2 Qb4 45. Rc2 Qa5 46. Rc8 Rxc8 47. Bxc8 Qb4 48.
Bxb7 Ne6 49. Bc8 Nd4 50. Kh3 Qc5 51. Bf5 Nxf5 52. exf5 Qf2 53. Qe4 Qf1+ 54. Kg3 Qxb5 55. Kh4 Kg8 56.
Qe6+ Kf8 57. Qd6+ Kf7 58. Qe6+ Kf8 59. Qd6+ 1/2-1/2

[Event "32nd NATO Chess Championship"]
[Site "Tartu, Estonia"]
[Date "2022.06.30"]
[Round "6.11"]
[White "Peraino, Andrew"]
[Black "Pedersen, Finn"]
[Result "1-0"]
[TimeControl "90 min + 30 sec increment from move one"]
[BlackTitle "FM"]
[WhiteFideId "30936187"]
[BlackFideId "1400762"]
[WhiteElo "1940"]
[BlackElo "2300"]

1. e4 c6 2. d4 d5 3. e5 Bf5 4. Nd2 e6 5. Nb3 Nd7 6. f4 Ne7 7. Bd2 h5 8. a4 Bg4 9. Be2 Nf5 10.
g3 c5 11. Bxg4 hxg4 12. Qxg4 c4 13. Nc1 Nxd4 14. Qd1 Nf5 15. Nce2 Bc5 16. Nf3 Qb6 17. c3 a5 18. Bc1 Bf2+ 19.
Kf1 Bxg3 20. Nfd4 Bh4 21. Rg1 g6 22. Rg2 Nxd4 23. Nxd4 Be7 24. Rb1 Bc5 25. Nb5 Qc6 26. Qf3 Nb6 27.
Qd1 Rh3 28. b3 cxb3 29. Qg4 Rh8 30. Rxb3 Nxa4 31. f5 Nb6 32. fxg6 fxg6 33. Qxg6+ Kd7 34. Qg7+ Be7 35. Bg5 Qc4+ 36.
Ke1 Rhe8 37. Nd4 Ra6 38. Rgb2 Qc5 39. Qf7 Na8 40. Rxb7+ Nc7 41. Kd2 a4 42. R2b5 Qc4 43. R5b6 Rxb6 44.
Rxb6 Qa2+ 45. Nc2 d4 46. cxd4 Kc8 47. Bxe7 Rh8 48. h4 Qd5 49. Bd6 Qa5+ 50. Rb4 1-0

[Event "32nd NATO Chess Championship"]
[Site "Tartu, Estonia"]
[Date "2022.06.30"]
[Round "6.13"]
[White "Onley, David E"]
[Black "Randall, Gordon"]
[Result "1-0"]
[TimeControl "90 min + 30 sec increment from move one"]
[WhiteFideId "419311"]
[BlackFideId "2056518"]
[WhiteElo "2083"]
[BlackElo "1954"]

1. e4 c6 2. d4 d5 3. exd5 cxd5 4. Bd3 Nc6 5. c3 Qc7 6. h3 g6 7. Nf3 Bf5 8. O-O Nf6 9. Re1 Bxd3 10.
Qxd3 Bg7 11. Nbd2 Nh5 12. Nf1 Rd8 13. Be3 O-O 14. Rad1 Rfe8 15. N1h2 Nf6 16. Bc1 Nd7 17. Ng4 Qd6 18.
Nh6+ Kf8 19. Qd2 f6 20. h4 e6 21. h5 g5 22. Qd3 Bxh6 23. Qxh7 Bg7 24. h6 Re7 25. Re3 Bxh6 26. Qxh6+ Rg7 27.
Nxg5 fxg5 28. Rxe6 Qb8 29. Rg6 1-0

[Event "32nd NATO Chess Championship"]
[Site "Tartu, Estonia"]
[Date "2022.06.30"]
[Round "6.16"]
[White "Tammisto, Janek"]
[Black "Cirkvencic, Franci"]
[Result "1/2-1/2"]
[TimeControl "90 min + 30 sec increment from move one"]
[WhiteFideId "4510950"]
[BlackFideId "14600528"]
[WhiteElo "1881"]
[BlackElo "2000"]

1. d4 Nf6 2. Nf3 d5 3. Bf4 c5 4. e3 e6 5. Nbd2 Nc6 6. c3 Bd6 7. Ne5 Qc7 8. Ndf3 cxd4 9. Nxc6 Bxf4 10.
Ncxd4 Bd6 11. Nb5 Qe7 12. Nxd6+ Qxd6 13. Bd3 O-O 14. Bc2 Rd8 15. Qd4 b6 16. O-O Bb7 1/2-1/2

[Event "32nd NATO Chess Championship"]
[Site "Tartu, Estonia"]
[Date "2022.06.30"]
[Round "6.17"]
[White "Duren, Andrew"]
[Black "Tikerpuu, Mati"]
[Result "1-0"]
[TimeControl "90 min + 30 sec increment from move one"]
[WhiteFideId "2019663"]
[BlackFideId "4505905"]
[WhiteElo "1997"]
[BlackElo "1819"]

1. d4 b6 2. Bf4 e6 3. e3 Bb7 4. Nf3 Nf6 5. Nbd2 Be7 6. h3 O-O 7. Bd3 c5 8. O-O d5 9. c3 Nc6 10.
Ne5 Nxe5 11. dxe5 Ne4 12. Bxe4 dxe4 13. Qc2 Qd3 14. Qxd3 exd3 15. c4 Rfd8 16. Rfd1 a6 17. a4 Bc6 18.
f3 b5 19. axb5 axb5 20. b3 b4 21. e4 h6 22. Rxa8 Rxa8 23. Nf1 Ra3 24. Rxd3 Ba4 25. Nd2 Kf8 26. Be3 Ke8 27. Kf1 Bd7 28.
Ke2 Kd8 29. h4 Kc7 30. h5 Bc6 31. g4 Kb6 32. Nb1 Ra1 33. Rd1 Ra2+ 34. Nd2 Ra3 35. f4 Ra2 36. Kd3 Bh4 37. Rh1 Bd8 38.
g5 Ra7 39. Rg1 Rd7+ 40. Kc2 hxg5 41. fxg5 Bc7 42. Bf4 g6 43. h6 Rd8 44. Rf1 Rh8 45. Kd3 Rd8+ 46. Ke3 Rh8 47. Bg3 Be8 48.
Nf3 Bc6 49. Nh2 Rh7 50. Ng4 Bd8 51.
Nf6 Rh8 52. Kf4 Bc7 53. Bf2 Bd8 54. Rd1 Bxf6 55. exf6 e5+ 56. Kf3 Rf8 57. Bg3 Re8 58. h7 Rh8 59. Rh1 Bd7 60. Bxe5 Be6 61.
Bd6 Kc6 62. Bf8 Rxf8 63. h8=Q Rxh8 64. Rxh8 Kd7 65. Ra8 Kc7 66. Ra7+ Kd6 67. Kf4 Kc6 68. Re7 Bxc4 69. bxc4 b3 70.
Re8 Kb7 71. Rh8 b2 72. Rh1 Kc6 73. e5 Kd7 74. Rd1+ Kc7 75. e6 b1=Q 76. Rxb1 Kd8 77. e7+ Kd7 78. Rd1+ Kc7 79. e8=Q Kb7 80.
Qb5+ Kc7 81. Rd7+ Kc8 82. Qb7# 1-0

[Event "32nd NATO Chess Championship"]
[Site "Tartu, Estonia"]
[Date "2022.06.30"]
[Round "6.18"]
[White "Ivbulis, Martins"]
[Black "Stankowski, Aleksander"]
[Result "1/2-1/2"]
[TimeControl "90 min + 30 sec increment from move one"]
[WhiteFideId "11603496"]
[BlackFideId "1137603"]
[WhiteElo "1815"]
[BlackElo "1971"]

1. d4 Nf6 2. Nc3 g6 3. Nf3 Bg7 4. e4 d6 5. Be2 O-O 6. O-O Nc6 7. Be3 e5 8. dxe5 dxe5 9. Qxd8 Rxd8 10.
Bg5 Re8 11. Rad1 Bg4 12. h3 Bxf3 13. Bxf3 Nd4 14. Bxf6 Bxf6 15. Nd5 Bd8 16. c3 Ne6 17. Be2 c6 18. Ne3 Nc5 19. f3 Na4 20.
Kh1 Bg5 21. Nc4 b5 22. Na5 Nxb2 23. Rd6 Red8 24. Rxd8+ Rxd8 25. Nxc6 Rd2 26. Bxb5 Nd1 27. Re1 Nxc3 28. Bc4 Bf4 29.
Nxa7 Nxa2 30. Bxa2 Rxa2 31. Nc6 Kg7 32. Nb4 Rd2 33. Nd5 Bg3 34. Rc1 f5 35. Ne3 Bf4 36. Nf1 Rd7 37. Re1 Kf6 38.
g3 Bh6 39. Kg2 Rd4 40. Re2 Rd3 41. Kf2 Bf8 42. Kg2 Bh6 1/2-1/2

[Event "32nd NATO Chess Championship"]
[Site "Tartu, Estonia"]
[Date "2022.06.30"]
[Round "6.19"]
[White "Pirs, Matjaz"]
[Black "Rizihs, Valerijs"]
[Result "0-1"]
[TimeControl "90 min + 30 sec increment from move one"]
[WhiteFideId "14606941"]
[BlackFideId "11603380"]
[WhiteElo "1965"]
[BlackElo "1619"]

1. d4 d5 2. Bf4 e6 3. e3 Bd6 4. Bg3 Nf6 5. Nd2 b6 6. Ngf3 O-O 7. Bd3 Ba6 8. Bxa6 Nxa6 9. c3 c5 10.
Qe2 Nb8 11. e4 Be7 12. O-O Nc6 13. Ne5 Nxe5 14. dxe5 Nxe4 15. Nxe4 dxe4 16. Rfd1 Qc7 17. Qxe4 Rad8 18. Kf1 Rxd1+ 19. Rxd1 Rd8 20. Rd3 c4 21. Rxd8+ Qxd8 22. Qe2 b5 23. f4 Qd5 24. Bf2 a5 25. a3 g6 26. Be1 h5 27. Bd2 Bc5 28.
Ke1 Bb6 29. Kd1 Qc5 30. Kc2 a4 31. Be1 Qd5 32. Bd2 Bc7 33. Bc1 Kg7 34. Bd2 f6 35. exf6+ Kxf6 36. g3 Kf5 37. Qf1 Qe4+ 38.
Kc1 Kg4 39. Be1 Bb6 40. h3+ Kf5 41. Bd2 Bc5 42. Qd1 Qg2 43. Qe1 Qg1 44. Kd1 Qxe1+ 45. Kxe1 Ke4 46. Ke2 Bg1 47. h4 Bc5 48.
Bc1 Bd6 49. Be3 e5 50. fxe5 Bxe5 51. Bf2 Bd6 52. Be1 Bc5 53. Bd2 Bg1 54. Bf4 Ba7 55. Bd2 Bb8 56. Be1 Be5 57. Bf2 Bf6 58.
Be1 Be5 59. Bf2 Kf5 60. Kf3 b4 61. axb4 Bxc3 62. Ke2 Bxb4 63. Bd4 Ke4 0-1

[Event "32nd NATO Chess Championship"]
[Site "Tartu, Estonia"]
[Date "2022.06.30"]
[Round "6.20"]
[White "Wendler, Edward"]
[Black "Cheung, Jan"]
[Result "0-1"]
[TimeControl "90 min + 30 sec increment from move one"]
[WhiteFideId "30956277"]
[BlackFideId "1010735"]
[WhiteElo "1839"]
[BlackElo "1964"]

1. e4 c5 2. Nf3 e6 3. d4 cxd4 4. Nxd4 Nc6 5. Nxc6 bxc6 6. Bd3 Nf6 7. O-O d5 8. e5 Nd7 9. Re1 Qc7 10.
f4 g6 11. c3 Be7 12. Nd2 O-O 13. Nf3 Re8 14. Qc2 Bb7 15. g4 Nc5 16. f5 Nxd3 17. Qxd3 c5 18. f6 Bf8 19. Ng5 h6 20.
Qh3 hxg5 21. Bxg5 d4 22. Bh6 Qc6 23. Bxf8 Rxf8 24. cxd4 Qf3 25. Re3 Qxh3 26. Rxh3 cxd4 27. Rb3 Be4 28.
Rb4 Rfd8 29. Rd1 g5 30. Rbxd4 Rxd4 31. Rxd4 Bd5 32. a3 Rc8 33. Ra4 Rc4 34. Rxa7 Rxg4+ 35. Kf1 Re4 36. Rc7 Rxe5 37.
b4 Re3 38. a4 Rb3 39. b5 Rb4 40. Ra7 Bb3 41. b6 Rxb6 42. Ra5 Bd5 43. Rc5 Kh7 0-1

[Event "32nd NATO Chess Championship"]
[Site "Tartu, Estonia"]
[Date "2022.06.30"]
[Round "6.21"]
[White "Keough, Robert"]
[Black "Voroblievas, Arturas"]
[Result "1-0"]
[TimeControl "90 min + 30 sec increment from move one"]
[WhiteFideId "410667"]
[BlackFideId "12803430"]
[WhiteElo "2074"]
[BlackElo "1740"]

1. e4 e5 2. Nf3 Nc6 3. Bc4 Nf6 4. d3 Bc5 5. c3 d6 6. O-O a6 7. a4 h6 8. Re1 O-O 9. Nbd2 Ne7 10.
Nf1 Ng6 11. b4 Ba7 12. d4 exd4 13. cxd4 d5 14. exd5 Nxd5 15. Qb3 Be6 16. Ne3 c6 17. b5 Bb8 18. Ba3 Re8 19. Nxd5 cxd5 20.
Bxd5 Nf4 21. Bxe6 Rxe6 22. Rxe6 Nxe6 23. d5 Nf4 24. d6 axb5 25. Qxb5 Ra5 26. Qb4 Rf5 27. Qe4 Qf6 28. Rd1 Ne6 29.
Qxb7 Bxd6 30. Bxd6 g5 31. Qb8+ Kh7 32. Be5 Qe7 33. Qb1 Kg6 34. g4 Ng7 35. Bxg7 Kxg7 36. Qxf5 Qe2 37. Qe5+ Qxe5 38.
Nxe5 1-0

[Event "32nd NATO Chess Championship"]
[Site "Tartu, Estonia"]
[Date "2022.06.30"]
[Round "6.22"]
[White "Giedraitis, Mingaudas"]
[Black "Sauer, Marko"]
[Result "1/2-1/2"]
[TimeControl "90 min + 30 sec increment from move one"]
[WhiteFideId "12808806"]
[BlackFideId "1270766"]
[WhiteElo "1846"]
[BlackElo "2065"]

1. d4 Nf6 2. Bf4 e6 3. e3 b6 4. Nf3 Bb7 5. Nbd2 Be7 6. h3 a6 7. c3 d5 8. Bd3 Nbd7 9. O-O Ne4 10.
c4 c5 11. Bh2 O-O 12. cxd5 exd5 13. Ne5 cxd4 14. exd4 Nxe5 15. Bxe5 Nxd2 16. Qxd2 Rc8 17. Qf4 Rc6 18. Rac1 Bg5 19.
Qg3 Bf6 20. Rxc6 Bxe5 21. Qxe5 Bxc6 22. Bxa6 Re8 23. Qg3 b5 24. a4 bxa4 25. Rc1 Qb6 26. Qc3 Re6 27. Bc8 Rd6 28. Bg4 g6 29.
Qa3 Bb5 30. Rc5 Bc4 31. Qxa4 Qxb2 32. Qe8+ Kg7 33. Qe5+ Rf6 34. Bf3 Qc1+ 35. Kh2 Qf4+ 36. Qxf4 Rxf4 37. Bxd5 1/2-1/2

[Event "32nd NATO Chess Championship"]
[Site "Tartu, Estonia"]
[Date "2022.06.30"]
[Round "6.24"]
[White "Ntalampiras, Spyros"]
[Black "Hernandez, Albert"]
[Result "1/2-1/2"]
[TimeControl "90 min + 30 sec increment from move one"]
[WhiteFideId "4227778"]
[BlackFideId "2075407"]
[WhiteElo "1815"]
[BlackElo "2012"]

1. e4 e6 2. d4 d5 3. Nd2 Nf6 4. e5 Nfd7 5. Bd3 c5 6. c3 Nc6 7. Ne2 cxd4 8. cxd4 f6 9. exf6 Nxf6 10.
O-O Bd6 11. Nf3 O-O 12. Bf4 Nh5 13. Bxd6 Qxd6 14. Ng3 Nf4 15. Re1 Nxd3 16. Qxd3 Bd7 17. a3 g6 18. Ne5 Nxe5 19. Rxe5 Qb6 20.
Qd2 Rac8 21. Ne2 Rc4 22. Rc1 Rfc8 23. Rxc4 Rxc4 24. h4 Qd8 25. g3 1/2-1/2

[Event "32nd NATO Chess Championship"]
[Site "Tartu, Estonia"]
[Date "2022.06.30"]
[Round "6.25"]
[White "Aagaard, Gert"]
[Black "Muld, Tarmo"]
[Result "1-0"]
[TimeControl "90 min + 30 sec increment from move one"]
[WhiteFideId "1427024"]
[BlackFideId "4519469"]
[WhiteElo "1979"]
[BlackElo "1783"]

1. d4 d5 2. c4 e6 3. a3 Nf6 4. Bg5 c6 5. e3 Be7 6. Nd2 Nbd7 7. Ngf3 h6 8. Bh4 O-O 9. Bd3 Re8 10.
O-O Nh5 11. Ne5 Nxe5 12. Bxe7 Qxe7 13. dxe5 g6 14. Qe2 Ng7 15. Rad1 Bd7 16. Bb1 Rac8 17. Qd3 Red8 18. Qc3 c5 19.
f4 Bc6 20. Nf3 b5 21. b3 a6 22. Qb2 bxc4 23. bxc4 dxc4 24. e4 Bb5 25. Qc3 Rxd1 26. Rxd1 Rd8 27. Rxd8+ Qxd8 28. Bc2 Nh5 29. g3 Qd7 30. Kf2 Ng7 31. Ke3 Ne8 32. Nd2 Qd4+ 33. Qxd4 cxd4+ 34. Kxd4 f6 35. a4 Bd7 36. Nxc4 f5 37. Kc5 g5 38. Nb6 Bxa4 39. Nxa4 Kf7 40. exf5 gxf4 41. gxf4 exf5 42. Bxf5 Ng7 43.
Bg4 h5 44. Bh3 Ne6+ 45. Bxe6+ Kxe6 46. Kb6 Kf5 47. Kxa6 Kxf4 48. e6 Kg4 49. e7 Kh3 50. e8=Q Kxh2 51. Qxh5+ 1-0

[Event "32nd NATO Chess Championship"]
[Site "Tartu, Estonia"]
[Date "2022.06.30"]
[Round "6.26"]
[White "Ivsek, Cveto"]
[Black "Hater, David"]
[Result "1/2-1/2"]
[TimeControl "90 min + 30 sec increment from move one"]
[WhiteFideId "14608405"]
[BlackFideId "2017776"]
[WhiteElo "1766"]
[BlackElo "1944"]

1. d4 Nf6 2. Bf4 g6 3. e3 Bg7 4. c4 d5 5. Nc3 c5 6. Bxb8 Rxb8 7. dxc5 Qa5 8. Qa4+ Qxa4 9. Nxa4 Bd7 10.
Nc3 dxc4 11. Nf3 Rc8 12. Bxc4 Rxc5 13. Bb3 Bc6 14. O-O Bxf3 15. gxf3 Nd7 16. Ne4 Rc8 17. Rab1 O-O 18. Rfd1 Rfd8 19.
Ng5 Ne5 20. f4 h6 21. fxe5 hxg5 22. e6 Rxd1+ 23. Rxd1 Bxb2 24. exf7+ Kf8 25. Rd7 Rb8 26. Kg2 Bf6 27. h3 a5 1/2-1/2

[Event "32nd NATO Chess Championship"]
[Site "Tartu, Estonia"]
[Date "2022.06.30"]
[Round "6.29"]
[White "Heran-Boily, Samuel"]
[Black "Van Den Heuvel, Tonnie"]
[Result "1/2-1/2"]
[TimeControl "90 min + 30 sec increment from move one"]
[WhiteFideId "1554565"]
[BlackFideId "1012924"]
[WhiteElo "1871"]
[BlackElo "1799"]

1. e4 d6 2. d4 Nf6 3. Nc3 Nbd7 4. f4 e5 5. Nf3 exd4 6. Nxd4 Nc5 7. Bd3 Bg4 8. Nf3 Be7 9. O-O O-O 10.
h3 Bxf3 11. Qxf3 Nxd3 12. cxd3 c6 13. Be3 Qa5 14. a3 Nd7 15. b4 Qa6 16. d4 Nb6 17. Ne2 Rae8 18. Ng3 Nc4 19. Bc1 Qb6 20.
Qd3 d5 21. Kh1 a5 22. f5 f6 23. Nh5 Bd6 24. bxa5 Qc7 25. Nf4 Bxf4 26. Bxf4 Qxa5 27. exd5 Qxd5 28. Rac1 b5 29. a4 Re4 30.
axb5 cxb5 31. Qb3 Ra8 32. Rb1 1/2-1/2

[Event "32nd NATO Chess Championship"]
[Site "Tartu, Estonia"]
[Date "2022.06.30"]
[Round "6.30"]
[White "O`byrne, Daniel"]
[Black "Nielsen, Jan Mose"]
[Result "1/2-1/2"]
[TimeControl "90 min + 30 sec increment from move one"]
[WhiteFideId "440825"]
[BlackFideId "1405306"]
[WhiteElo "1664"]
[BlackElo "1991"]

1. d4 c5 2. c3 Qc7 3. g3 e6 4. Bg2 d5 5. Bf4 Qb6 6. Qc2 cxd4 7. cxd4 Na6 8. Nf3
Bd7 9. a3 Nf6 10. O-O Be7 11. Nc3 O-O 12. Qd2 Qb3 13. Ne5 Rfd8 14. Rfc1 Be8 15. Rab1 Rac8 16. Qe3 Qb6 17. b4 Nh5 18. Bf3 Nxf4 19. Qxf4 f6 20. Nd3 Rc4 21. Nc5 Bg6 22. Ra1 Nxc5 23. bxc5 Qa5 24. Qe3 Kf7 25. Kg2 Qa6 26. h4 h6 27. Qd2 b6 28. e3 bxc5 29. Be2 cxd4 30. Bxc4 dxc4 31. exd4 Bd3 32. Qe3 Qb7+ 33. Kg1 Qb6 34. Re1 Rxd4 35. Na4 Qd6 36. Nb2 f5 37. Nxd3 cxd3 38. Rad1 Qd5 39. Rd2 Bxh4 40. Red1 Bf6 41. Rxd3 e5 42. Rxd4 exd4 43. Qd3 Qc5 44. Kg2 h5 45. Qe2 g6 46. Re1 Qc6+ 47. Kg1 h4 48. gxh4 Bxh4 49. Qd3 Qd6 50. Qf3 Kf6 51. Rd1 Kg7 52. Kg2 Be7 53. Rd3 Bf6 54. Qb7+ Qe7 55. Qxe7+ Bxe7 56. Rxd4 Bxa3 57. Rd7+ Kf6 58. Rxa7 Bc1 59. Rc7 Bf4 60. Rc6+ Kg5 61. f3 1/2-1/2

[Event "32nd NATO Chess Championship"]
[Site "Tartu, Estonia"]
[Date "2022.06.30"]
[Round "6.31"]
[White "Kocur, Marc"]
[Black "Stuhr, Finn"]
[Result "1-0"]
[TimeControl "90 min + 30 sec increment from move one"]
[WhiteFideId "205036"]
[BlackFideId "1400789"]
[WhiteElo "1835"]
[BlackElo "1686"]

1. d4 Nf6 2. Bf4 d6 3. Nc3 e6 4. e4 Nbd7 5. e5 Ng8 6. Nf3 dxe5 7. dxe5 Bb4 8. Bg5 Ne7 9. Qd4 c5 10.
Qd3 Qc7 11. O-O-O c4 12. Nb5 cxd3 13. Nxc7+ Kf8 14. Bxe7+ Kxe7 15. Nxa8 dxc2 16. Kxc2 Ba5 17. a3 f6 18. b4 Bd8 19.
Rd2 a6 20. Be2 b5 21. Rhd1 Nb8 22. exf6+ gxf6 23. Ne1 Bb7 24.
Bf3 Bc8 25. Nd3 e5 26. Nc5 f5 27. Nb7 e4 28. Rxd8 Rxd8 29. Nxd8 exf3 30. Nb6 Bd7 31. Nxd7 Nxd7 32. Nc6+ 1-0

[Event "32nd NATO Chess Championship"]
[Site "Tartu, Estonia"]
[Date "2022.06.30"]
[Round "6.35"]
[White "Windey, Luc"]
[Black "Simard, Francois"]
[Result "0-1"]
[TimeControl "90 min + 30 sec increment from move one"]
[WhiteFideId "249220"]
[BlackFideId "2621681"]
[WhiteElo "1624"]
[BlackElo "1757"]

1. d4 d5 2. Nf3 Nf6 3. Bf4 e6 4. e3 Bd6 5. Bg3 O-O 6. Nbd2 c5 7. c3 b6 8. Bd3 Bb7 9. Ne5 Ne4 10.
Qc2 f5 11. f4 c4 12. Be2 b5 13. Nxe4 dxe4 14. a4 Bxe5 15. fxe5 Bd5 16. O-O a6 17. axb5 axb5 18. Rxa8 Bxa8 19.
b3 Bd5 20. bxc4 bxc4 21. Qa4 Qc7 22. Rb1 Nd7 23. Rb4 Ra8 24. Qb5 Ra5 25. Rxc4 Bxc4 26. Qxc4 Qxc4 27. Bxc4 Ra1+ 28. Kf2 Kf7 29.
Bb5 Nb6 30. c4 Rc1 31. c5 Nd5 32. Bf4 Rc2+ 33. Kf1 Nxf4 34. exf4 Rd2 35. c6 Ke7 36. Ba4 Rxd4 37. Bb5 Rd1+ 38.
Ke2 Rc1 39. Kd2 Rc5 40. Ba4 Kd8 41. h3 Kc7 42. g4 g6 43. gxf5 gxf5 44. h4 Rxc6 45. Bb3 Rb6 46. Bc4 Kd7 0-1

[Event "32nd NATO Chess Championship"]
[Site "Tartu, Estonia"]
[Date "2022.06.30"]
[Round "6.36"]
[White "Steen, Kris"]
[Black "Sui, Andres"]
[Result "1/2-1/2"]
[TimeControl "90 min + 30 sec increment from move one"]
[WhiteFideId "264571"]
[BlackFideId "4507029"]
[WhiteElo "1735"]
[BlackElo "1288"]

1. c4 e5 2. Nc3 Nf6 3. g3 Bc5 4. Bg2 O-O 5. e3 a6 6. Nge2 d6 7. O-O Nc6 8. d4 exd4 9. exd4 Ba7 10.
b3 Bf5 11. Bb2 Qd7 12. Qd2 Rfe8 13. a3 Re7 14. Nd5 Ree8 15. Nxf6+ gxf6 16. Nf4 Bg6 17. Nd5 Kg7 18. Qf4 f5 19.
Bc3 Ne7 20. h4 Nxd5 21. Bxd5 c6 22. Bf3 h5 23. d5+ f6 24. dxc6 bxc6 25. Rad1 Rad8 26. Rd3 Bb8 27. Qd2 Re6 28.
Re1 Rde8 29. Rxe6 Rxe6 30. Qd1 f4 31. Bxh5 Bxd3 32. Qxd3 Kf8 33. Bg4 fxg3 34. Qxg3 Kf7 35. Qf3 d5 36.
Bxe6+ Qxe6 37. cxd5 cxd5 38. Qh5+ Ke7 39. Qh7+ Kd8 40. Qh8+ Kc7 41. Qg7+ 1/2-1/2

[Event "32nd NATO Chess Championship"]
[Site "Tartu, Estonia"]
[Date "2022.06.30"]
[Round "6.40"]
[White "Adolfssen, Rico"]
[Black "Papler, Peter"]
[Result "0-1"]
[TimeControl "90 min + 30 sec increment from move one"]
[WhiteFideId "1400371"]
[BlackFideId "14609770"]
[WhiteElo "1837"]
[BlackElo "1714"]

1. e4 d6 2. d4 Nf6 3. Nc3 Nbd7 4. Bc4 e5 5. Nf3 Be7 6. O-O O-O 7. Qe2 c6 8. Rd1 Qc7 9. Bb3 a6 10. a4 b6 11. Nh4 Re8 12.
Qc4 Rf8 13. Nf5 Bd8 14. Qd3 Bb7 15. Bh6 Ne8 16. Qg3 Bf6 17. Be3 Kh8 18. dxe5 Nxe5 19. Rd2 Rd8 20. Rad1 Bc8 21. Bg5 Bxf5 22.
exf5 Bxg5 23. Qxg5 Nf6 24. f4 Neg4 25. Rd3 b5 26. Qh4 Qa7+ 27. Kf1 Ne3+ 28. Rxe3 Qxe3 29. axb5 axb5 30. Re1 Qc5 31. g4 d5 32.
g5 Ne4 33. Nxe4 dxe4 34. g6 h6 35. gxf7 Qxf5 36. Qf2 c5 37. c4 Qh3+ 38. Qg2 Qxb3 39. Rxe4 Rd1+ 40. Re1 Qxc4+ 0-1

[Event "32nd NATO Chess Championship"]
[Site "Tartu, Estonia"]
[Date "2022.06.30"]
[Round "6.41"]
[White "Ivanovs, Aleksejs"]
[Black "Ross, David C"]
[Result "1/2-1/2"]
[TimeControl "90 min + 30 sec increment from move one"]
[WhiteFideId "11626283"]
[BlackFideId "417572"]
[WhiteElo "1784"]
[BlackElo "1677"]

1. d4 Nf6 2. Bf4 c5 3. e3 d5 4. c4 e6 5. Nf3 Bd6 6. Ne5 O-O 7. Be2 cxd4 8. Qxd4 Nc6 9. Nxc6 bxc6 10.
Bxd6 Qxd6 11. O-O c5 12. Qd1 Qb6 13. b3 Rd8 14.
Qc2 Bb7 15. Nd2 d4 16. exd4 cxd4 17. Nf3 Qc6 18. Rad1 e5 19. Rfe1 Re8 20. Bf1 Nd7 21. b4 Qg6 22. Qxg6 hxg6 23.
Rc1 a5 24. b5 Rac8 25. c5 Bxf3 26. c6 Bxc6 27. bxc6 Nb6 28. Bb5 Re7 29. Rc5 e4 30. Ba6 Rcc7 31. f3 f5 32. Rb1 Nc8 33.
Rb7 d3 34. Rxc7 Rxc7 35. Kf2 Nd6 36. Ke3 Kf7 37. fxe4 Nxe4 38. Rc4 d2 39. Ke2 Ke7 40. Bb7 Ke6 41. Rd4 Ke7 42. Kd1 Nd6 43.
Ba8 Nb5 44. Rxd2 Nc3+ 45. Kc2 Ne4 46. Rd3 Nc5 47. Rc3 Na6 48. Kb3 Kd6 49. Ka4 Nb4 50. a3 Nxc6 51. Rxc6+ Rxc6 52. Bxc6 Kxc6 53.
Kxa5 Kc5 1/2-1/2

[Event "32nd NATO Chess Championship"]
[Site "Tartu, Estonia"]
[Date "2022.06.30"]
[Round "6.42"]
[White "Smit, Jan"]
[Black "Boudry, Rik"]
[Result "1-0"]
[TimeControl "90 min + 30 sec increment from move one"]
[WhiteFideId "1052047"]
[BlackFideId "237540"]
[WhiteElo "1741"]
[BlackElo "1468"]

1. Nf3 Nf6 2. d4 c5 3. c3 e6 4. Bg5 d5 5. e3 Nbd7 6. Nbd2 Bd6 7. Bd3 O-O 8. Qe2 b6 9. e4 cxd4 10.
Nxd4 Ne5 11. Bc2 Bb7 12. f4 h6 13. fxe5 Bxe5 14. Bh4 g5 15. Bf2 Bf4 16. e5 Nd7 17. N2f3 Nc5 18. g3 Ne4 19.
gxf4 Nxf2 20. Qxf2 1-0

[Event "32nd NATO Chess Championship"]
[Site "Tartu, Estonia"]
[Date "2022.06.30"]
[Round "6.43"]
[White "Echavarria Hidalgo, Fernando"]
[Black "Charles, Freddy"]
[Result "1/2-1/2"]
[TimeControl "90 min + 30 sec increment from move one"]
[WhiteFideId "2617528"]
[BlackFideId "1742"]
[WhiteElo "1749"]
[BlackElo "1742"]

1. e4 d5 2. exd5 Qxd5 3. Nc3 Qd8 4. d4 Nf6 5. Nf3 Bg4 6. Bb5+ c6 7. Be2 e6 8. h3 Bh5 9. O-O Nbd7 10.
Bf4 Be7 11. Ne5 Bxe2 12. Qxe2 O-O 13. Rad1 Nd5 14. Nxd5 cxd5 15. Nxd7 Qxd7 16. Rfe1 b5 17. a3 a5 18. Qg4 Rfc8 19.
c3 b4 20. axb4 axb4 21. Qg3 bxc3 22. bxc3 Ra3 23. Rd3 Rca8 24. Bh6 g6 25. Qe5 Bf8 26. Bxf8 Rxf8 27. h4 h5 28. Rg3 Kh7 29.
Rge3 Qd8 30. g3 Qa5 31. Qd6 Ra8 32. Qe7 Ra7 33. Qb4 Qc7 34. Qb2 R3a6 35. Qc2 Ra4 36. Rc1 Rc4 37. Qd2 Ra6 38.
Kg2 Qb7 39. Qc2 Kg7 40. Rb1 Qa8 41. Rb2 Rac6 42. Qd2 Qc8 43. Rc2 1/2-1/2